 Dungeon Crawl Stone Soup version 0.18.1-6-gd335043 (webtiles) character file.

212 HungrySpirit the Cutter (level 6, -2/43 HPs)
             Began as a Human Artificer on May 18, 2016.
             Slain by ThereIsNoGod's ghost (12 damage)
             ... on level 3 of the Dungeon.
             The game lasted 00:09:43 (3483 turns).

HungrySpirit the Cutter (Human Artificer)           Turns: 3483, Time: 00:09:44

Health: -2/43      AC: 11    Str: 13    XL:     6   Next: 13%
Magic:  9/9        EV:  1    Int: 12    God:
Gold:   91         SH:  0    Dex: 14    Spells: 0 memorised, 5 levels left

rFire  . . .     SeeInvis .     a - +0 short sword
rCold  . . .     Gourm    +     q - +0 chain mail (curse)
rNeg   . . .     Faith    .     (no shield)
rPois  .         Spirit   .     (no helmet)
rElec  .         Dismiss  .     x - +2 cloak {MR+}
rCorr  .         Reflect  .     (no gloves)
SustAt .         Harm     .     (no boots)
MR     +....                    h - amulet of the gourmand
Stlth  ..........               (no ring)
                                (no ring)

@: somewhat resistant to hostile enchantments, extremely unstealthy
A: no striking features
a: no special abilities


You were on level 3 of the Dungeon.
You were very full.

You visited 1 branch of the dungeon, and saw 3 of its levels.

You collected 91 gold pieces.

Inventory:

Hand Weapons
 a - a +0 short sword (weapon)
Armour
 q - a cursed +0 chain mail (worn)
 x - a +2 cloak of magic resistance (worn)
Jewellery
 h - an amulet of the gourmand (around neck)
Wands
 c - a wand of flame (0/48)
 d - a wand of enslavement (10/24)
 e - a wand of random effects (0/48)
Scrolls
 k - a scroll of fear {unknown}
 l - 3 scrolls of identify {unknown}
 p - a scroll of amnesia {unknown}
 u - a scroll of magic mapping {unknown}
 y - a scroll of remove curse {unknown}
Potions
 b - a potion of curing {unknown}
 j - 3 potions of brilliance {unknown}
 m - a potion of haste {unknown}
 n - 3 potions of flight {unknown}
 o - 2 potions of degeneration {unknown}
 r - 2 potions of invisibility {unknown}
 s - 4 potions of heal wounds {unknown}
 v - a potion of cure mutation {unknown}
 w - a potion of lignification {unknown}
Books
 z - a book of the Sky

   Spells                             Type                      Level
   a - Summon Lightning Spire         Summoning/Air                4
   b - Airstrike                      Air                          4
   c - Silence                        Hexes/Air                    5
   d - Deflect Missiles               Charms/Air                   6
   e - Conjure Ball Lightning         Conjuration/Air              6
   f - Tornado                        Air                          9
Comestibles
 f - 2 bread rations
 g - a meat ration
 i - a beef jerky


   Skills:
 - Level 1.0 Fighting
 * Level 4.3 Short Blades
 - Level 1.1 Armour
 - Level 2.0 Dodging
 - Level 1.0 Stealth
 + Level 4.3 Evocations


You had 5 spell levels left.
You didn't know any spells.

Dungeon Overview and Level Annotations

Branches:
Dungeon (3/15)

Altars:
Cheibriados
Dithmenos
Gozag

Annotations:
D:3 ThereIsNoGod's ghost, amateur GrFi


Message History

You throw a steel javelin.
Throwing (i - inventory):
t - 3 steel javelins (quivered)
Press: ? - help, Shift-Dir - straight line You throw a steel javelin.
Something hits you but does no damage.
Throwing (i - inventory):
t - 2 steel javelins (quivered)
Press: ? - help, Shift-Dir - straight line You throw a steel javelin.
Something hits you! Something hits you but does no damage.
Throwing (i - inventory):
t - a steel javelin (quivered)
Press: ? - help, Shift-Dir - straight line You throw a steel javelin.
Something hits you.
You hit something but do no damage. Something hits you but does no damage.
You hit something but do no damage. Something hits you.
You hit something. Something hits you.
Your chain mail prevents you from hitting something.
Something hits you!
* * * LOW HITPOINT WARNING * * *
There is a stone staircase leading up here.
Something hits you!
You die...

#.....# #.#.#...
#.....# #.# ###.
#...))###.#
#######.........# >
#........(......# ..
#.######........# ...
#.#.((..........# ....
#.#.###.........##....
#.#..@#.#########
#.#####.# #.......#
#########


There were no monsters in sight!

Vanquished Creatures
  A giant frog (D:3)
  Crazy Yiuf (D:2)
  4 gnolls
  2 adders
  An ooze (D:2)
  A worm (D:2)
  3 giant geckos
  9 bats
  4 giant cockroaches
  7 goblins
  4 hobgoblins
  2 jackals (D:3)
  A quokka (D:2)
  4 giant newts (D:1)
  6 kobolds
  10 rats
60 creatures vanquished.

Vanquished Creatures (collateral kills)
  2 gnolls
2 creatures vanquished.

Vanquished Creatures (others)
  A gnoll (D:3)
1 creature vanquished.

Grand Total: 63 creatures vanquished

Notes
Turn   | Place    | Note
--------------------------------------------------------------
     0 | D:1      | HungrySpirit the Human Artificer began the quest for the Orb.
     0 | D:1      | Reached XP level 1. HP: 15/15 MP: 3/3
   187 | D:1      | Reached XP level 2. HP: 21/21 MP: 4/4
   481 | D:1      | Reached skill level 1 in Armour
   879 | D:2      | Reached XP level 3. HP: 24/26 MP: 5/5
  1284 | D:2      | Reached XP level 4. HP: 31/32 MP: 6/6
  1734 | D:2      | Found a shadowy altar of Dithmenos.
  2005 | D:2      | Noticed Crazy Yiuf
  2245 | D:2      | Killed Crazy Yiuf
  2245 | D:2      | Reached XP level 5. HP: 37/37 MP: 7/7
  2467 | D:3      | Noticed a giant frog
  2484 | D:3      | Killed a giant frog
  2673 | D:3      | Found a faded altar to an unknown god.
  3085 | D:3      | Reached XP level 6. HP: 42/43 MP: 9/9
  3090 | D:3      | Found a snail-covered altar of Cheibriados.
  3090 | D:3      | Found an opulent altar of Gozag.
  3184 | D:3      | Noticed ThereIsNoGod's ghost (amateur GrFi)
  3483 | D:3      | Slain by ThereIsNoGod's ghost

Skill      XL: |  1  2  3  4  5 |
---------------+----------------+-----
Short Blades   | 2 3 4 |  4.3
Armour         | 1 |  1.1
Evocations     | 4 |  4.3
Fighting       | |  1.0
Dodging        | |  2.0
Stealth        | |  1.0

Action                   |  1- 3 |  4- 6 || total
-------------------------+-------+-------++-------
Melee: Short sword       |   101 |   126 ||   227
Throw: Javelin           |       |     4 ||     4
Evoke: Wand              |     6 |    29 ||    35
  Eat: Chunk             |     9 |     8 ||    17
Armor: Leather armour    |    28 |       ||    28
       Chain mail        |    18 |    64 ||    82
Dodge: Dodged            |    59 |    34 ||    93
